 Dungeon Sprint DCSS version 0.19-a0-1292-g796ee4d (webtiles) character file.

10 Kidiri the Sneak (level 2, -2/14 HPs)
             Began as a Spriggan Enchanter on Aug 30, 2016.
             Slain by a necrophage (6 damage)
             ... in the Dungeon (Sprint II: "The Violet Keep of Menkaure").
             The game lasted 00:00:42 (172 turns).

Kidiri the Sneak (Spriggan Enchanter)                Turns: 172, Time: 00:00:43

Health: -2/14      AC:  3    Str:  4    XL:     2   Next: 10%
Magic:  5/7        EV: 19    Int: 16    God:
Gold:   243        SH:  0    Dex: 16    Spells: 2 memorised, 5 levels left

rFire  . . .     SeeInvis +     a - +1 dagger
rCold  . . .     Gourm    .     b - +1 robe
rNeg   . . .     Faith    .     (shield restricted)
rPois  .         Spirit   .     (helmet restricted)
rElec  .         Dismiss  .     (no cloak)
rCorr  .         Reflect  .     (gloves unavailable)
MR     .....     Harm     .     (boots unavailable)
Stlth  +++....... NoTele   +    (no amulet)
                                (no ring)
                                (no ring)

@: very quick
A: unfitting armour, see invisible, herbivore 3, speed 3, slow metabolism 2
a: no special abilities


You were in the Dungeon.
You were not hungry.

You visited 1 branch You collected 243 gold pieces.

Inventory:

Hand Weapons
 a - a +1 dagger (weapon)
Armour
 b - a +1 robe (worn)
Scrolls
 j - a scroll of blinking
Potions
 e - a potion of curing
 f - a potion of heal wounds
 g - a potion of haste
 h - 2 potions of magic
Books
 c - a book of Maledictions

   Spells                             Type                      Level
   a - Corona                         Hexes                        1
   b - Ensorcelled Hibernation        Hexes/Ice                    2
   c - Confuse                        Hexes                        3
   d - Tukima's Dance                 Hexes                        3
   e - Dazzling Spray                 Conjuration/Hexes            3
Comestibles
 d - a bread ration


   Skills:
 + Level 0.5 Fighting
 * Level 2.2 Short Blades
 + Level 0.4 Armour
 * Level 4.0 Dodging
 * Level 4.8 Stealth
 * Level 3.7 Spellcasting
 + Level 3.9 Hexes
 + Level 0.0 Ice Magic


You had 5 spell levels left.
You knew the following spells:

 Your Spells              Type           Power        Failure   Level  Hunger
a - Corona                Hex            ###....      4%          1    None
b - Ensorcelled Hibernat  Hex/Ice        #.....       14%         2    ##.....


Dungeon Overview and Level Annotations

Branches:
Dungeon (1/1)

Altars:


Innate Abilities, Weirdness & Mutations

You are tiny and cannot use many weapons and most armour.
You have supernaturally acute eyesight. (SInv)
You are a herbivore.
You cover ground extremely quickly.
You need consume almost no food.


Message History

Confirm with . or Enter, or press ? or * to list all spells.
Aiming: Corona
Press: ? - help, Shift-Dir - straight line, f/p - necrophage
Aim: a necrophage (chance to defeat MR: 34%)
The necrophage is outlined in light.
The necrophage hits you.
You hit the necrophage.
The necrophage is lightly damaged.
The necrophage misses you.
You hit the necrophage but do no damage.
The necrophage is lightly damaged.
The necrophage closely misses you.
You hit the necrophage but do no damage.
The necrophage is lightly damaged.
The necrophage hits you!
Ouch! That really hurt!
* * * LOW HITPOINT WARNING * * *
You hit the necrophage but do no damage.
The necrophage is lightly damaged.
The necrophage stops glowing.
The necrophage hits you.
You die...

## ## ##. .##
..#m. ### .$.
# ##.###+#
.##
#..%##.##n..#
+.##+.<@nn#
###.##.##n..#
#%###+# .##
### #


You could see 4 necrophages.

Vanquished Creatures
  3 worms (D)
3 creatures vanquished.

Vanquished Creatures (others)
  A crocodile (D)
1 creature vanquished.

Grand Total: 4 creatures vanquished

Notes
Turn   | Place    | Note
-------+----------+-------------------------------------------
     0 | D        | Kidiri the Spriggan Enchanter began the quest for the Orb.
     0 | D        | Reached XP level 1. HP: 9/9 MP: 5/5
     1 | D        | Noticed a siren
    24 | D        | Reached XP level 2. HP: 12/14 MP: 5/7
    43 | D        | Learned a level 2 spell: Ensorcelled Hibernation
   123 | D        | Killed a crocodile
   165 | D        | Noticed a necrophage
   165 | D        | Noticed a necrophage
   165 | D        | Noticed a necrophage
   165 | D        | Noticed a necrophage
   172 | D        | Slain by a necrophage

Vault maps used:
D:        the_violet_keep_of_menkaure

Skill      XL: |  1 |
---------------+----+-----
Spellcasting   | 3 |  3.7
Short Blades   | 2 |  2.2
Dodging        | 4 |  4.0
Fighting       | |  0.5
Armour         | |  0.4
Stealth        | |  4.8
Hexes          | |  3.9

Action                   || total
-------------------------++-------
Melee: Dagger            ||    19
 Cast: Corona            ||     3
  Use: Potion            ||     1
Armor: Robe              ||     1
Dodge: Dodged            ||    10
